 Dungeon Crawl Stone Soup version 0.25.1-8-g42b30a86e7 (webtiles) character file.

Game seed: 9649565917672984256

567 jbtxwes the Carver (level 7, -22/58 HPs)
             Began as a Minotaur Fighter on Dec 8, 2020.
             Killed from afar by a quokka (38 damage)
             ... with an exploding inner flame
             ... summoned by Eustachio
             ... hexed by the player character
             ... on level 4 of the Dungeon.
             The game lasted 00:13:15 (3470 turns).

jbtxwes the Carver (Minotaur Fighter)               Turns: 3470, Time: 00:13:16

Health: -22/58     AC: 12    Str: 23    XL:     7   Next: 11%
Magic:  6/6        EV:  7    Int:  5    God:
Gold:   184        SH:  9    Dex:  9    Spells: 6/6 levels left

rFire    . . .     SeeInvis .   a - +0 long sword
rCold    . . .     Gourm    .   c - +0 kite shield
rNeg     . . .     Faith    .   n - +3 scale mail {rPois}
rPois    +         Spirit   .   (helmet restricted)
rElec    .         Reflect  .   j - scarf {+Inv}
rCorr    .         Harm     .   m - +1 pair of gloves
MR       .....                  (no boots)
Stlth    ..........             (no amulet)
HPRegen  0.19/turn              (no ring)
MPRegen  0.10/turn              (no ring)

@: no status effects
A: retaliatory headbutt, horns 2
a: Evoke Invisibility


You were on level 4 of the Dungeon.
You were not hungry.

You visited 1 branch of the dungeon, and saw 4 of its levels.

You collected 184 gold pieces.

Inventory:

Hand Weapons
 a - a +0 long sword (weapon)
 b - a +2 whip of electrocution
 q - a +2 vorpal flail
Armour
 c - a +0 kite shield (worn)
 j - a scarf of invisibility (worn)
 m - a +1 pair of gloves (worn)
 n - a +3 scale mail of poison resistance (worn)
 r - a scarf of harm
Scrolls
 d - 2 scrolls of enchant armour
 e - a scroll of immolation
 g - a scroll of amnesia
 l - 3 scrolls of identify
 o - a scroll of remove curse
Potions
 h - a potion of magic
 i - a potion of curing
 k - 2 potions of heal wounds {unknown}
Comestibles
 f - 4 rations
 p - 6 chunks of flesh


   Skills:
 - Level 3.8 Fighting
 * Level 9.2 Long Blades
 - Level 3.8 Armour
 - Level 3.8 Shields


You had 6 spell levels left.
You didn't know any spells.
Your spell library was empty.

Dungeon Overview and Level Annotations

Branches:
Dungeon (4/15)
 Temple: D:4-7

Altars:
Gozag
Wu Jian
Yredelemnul

Shops:
D:4 ?!


Innate Abilities, Weirdness & Mutations

You reflexively headbutt those who attack you in melee.
You have a pair of horns on your head.


Message History

The quokka bites you.
You slash the quokka!
The quokka explodes!
The fiery explosion engulfs the bat!!
The bat explodes!
The fiery explosion engulfs Eustachio!!
Eustachio explodes!
The fiery explosion engulfs the bat!!!
The bat explodes!
The fiery explosion engulfs the bat!!
The bat explodes!
The fiery explosion engulfs you!!
* * * LOW HITPOINT WARNING * * *
The bat's corpse disappears in a puff of smoke! x2
Your Long Blades skill increases to level 9!
You have reached level 7!
The bat's corpse disappears in a puff of smoke!
The fiery explosion engulfs you!!!
Ouch! That really hurt!
You die...

.........##............).).....
.........##........[..)####...#
.........##.......#+#..###.....
.......∩.##.).....+ +..##......
..?.......#.......# #..........
..........<.....@.....#..(.....
.........#.#####...............
.<.......#§§##########...##....
.........##§§§@..##....#####...
........##.§§§§........# ..#.
.......###.############# ..#
...... ## ### ...##


There were no monsters in sight!

Vanquished Creatures
  Eustachio (D:4)
  Blork the orc (D:4)
  A howler monkey (D:4)
  2 orc priests
  Jessica (D:3)
  Terence (D:3)
  An iguana (D:4)
  Natasha (thrice) (D:3)
  2 adders (D:4)
  An ooze (D:2)
  3 worms
  3 leopard geckos
  11 orcs
  A ball python (D:1)
  4 giant cockroaches (D:1)
  10 goblins
  6 hobgoblins
  3 jackals (D:1)
  2 quokkas (D:2)
  4 bats (D:3)
  6 frilled lizards
  5 kobolds
  5 rats
77 creatures vanquished.

Notes
Turn   | Place    | Note
-------+----------+-------------------------------------------
     0 | D:1      | jbtxwes the Minotaur Fighter began the quest for the Orb.
     0 | D:1      | Reached XP level 1. HP: 19/19 MP: 0/0
   131 | D:1      | Reached XP level 2. HP: 27/27 MP: 1/1
   183 | D:1      | Reached skill level 3 in Long Blades
   718 | D:1      | Reached XP level 3. HP: 33/33 MP: 2/2
  1053 | D:2      | Reached skill level 4 in Long Blades
  1663 | D:3      | Noticed Terence
  1696 | D:3      | Killed Terence
  1696 | D:3      | Reached skill level 5 in Long Blades
  1696 | D:3      | Reached XP level 4. HP: 14/40 MP: 3/3
  2044 | D:3      | Found an ornate altar of the Wu Jian Council.
  2044 | D:3      | Found an opulent altar of Gozag.
  2050 | D:3      | Found a faded altar of an unknown god.
  2052 | D:3      | Found a faded altar of an unknown god.
  2054 | D:3      | Found a basalt altar of Yredelemnul.
  2163 | D:3      | Noticed Jessica
  2163 | D:3      | Noticed Natasha
  2183 | D:3      | HP: 1/40 [something (2)]
  2184 | D:3      | Killed Natasha
  2184 | D:3      | Reached skill level 6 in Long Blades
  2184 | D:3      | Reached XP level 5. HP: 1/46 MP: 4/4
  2187 | D:3      | Killed Jessica
  2460 | D:3      | Noticed Natasha
  2465 | D:3      | Killed Natasha
  2530 | D:3      | Noticed Natasha
  2548 | D:3      | Killed Natasha
  2548 | D:3      | Reached skill level 7 in Long Blades
  3212 | D:4      | Found Etri's Magic Scroll Shoppe.
  3212 | D:4      | Found Vipuj's Distillery.
  3311 | D:4      | Reached XP level 6. HP: 41/52 MP: 5/5
  3363 | D:4      | Noticed Blork the orc
  3373 | D:4      | Killed Blork the orc
  3381 | D:4      | Reached skill level 8 in Long Blades
  3435 | D:4      | Noticed Eustachio
  3470 | D:4      | Killed Eustachio
  3470 | D:4      | Reached skill level 9 in Long Blades
  3470 | D:4      | Reached XP level 7. HP: 16/58 MP: 6/6
  3470 | D:4      | Killed from afar by a quokka

Illustrated notes

Levels and vault maps discovered:
D:1:      dpeg_arrival_orchard, layout_basic
D:2:      layout_basic
D:3:      layout_rooms, chequers_temple_overflow_minitemple, dk_noncrumbling_2,
          uniq_jessica, uniq_terence, uniq_natasha
D:4:      kb_forest_paths, layout_rooms, minmay_temple_entry_junction,
          serial_shops, nicolae_shop_window_shopping, kennysheep_mini_moat,
          shop, shop, shop, grunt_ministairs_14, minmay_misc_feat_more_columns,
          uniq_blork_the_orc, uniq_eustachio

Skill      XL: |  1  2  3  4  5  6 |
---------------+-------------------+-----
Long Blades    | 3 5 6 7 9 |  9.2
Fighting       | |  3.8
Armour         | |  3.8
Shields        | |  3.8

Action                   |  1- 3 |  4- 6 |  7- 9 || total
-------------------------+-------+-------+-------++-------
Melee: Long sword        |   140 |   137 |       ||   277
       Headbutt          |    16 |    18 |       ||    34
  Use: Scroll            |     5 |     3 |       ||     8
       Potion            |     4 |     2 |       ||     6
  Eat: Chunk             |     3 |     2 |       ||     5
       Ration            |       |     1 |       ||     1
Armor: Scale mail        |    47 |    52 |       ||    99
Dodge: Dodged            |    40 |    29 |       ||    69
Block: Kite shield       |    80 |    70 |       ||   150
       Rpst.: Long sword |    14 |     6 |       ||    20
